 Dungeon Crawl Stone Soup version 0.17.0-28-g6e173f8 (webtiles) character file.

5417 WhatsThis the Skirmisher (level 10, -4/88 HPs)
             Began as a Ghoul Gladiator on Nov 27, 2015.
             Was an Elder of Yredelemnul.
             Slain by a hill giant
             ... wielding a +0 giant club
              (18 damage)
             ... on level 10 of the Dungeon on Nov 29, 2015.
             The game lasted 04:34:58 (13590 turns).

WhatsThis the Skirmisher (Ghoul Gladiator)         Turns: 13590, Time: 04:34:58

Health: -4/88      AC: 21    Str: 21    XL:     10   Next: 67%
Magic:  12/12      EV:  8    Int:  3    God:    Yredelemnul [****..]
Gold:   234        SH:  0    Dex: 11    Spells: 0 memorised, 9 levels left

rFire  . . .     SeeInvis .     P - +3 quarterstaff (freeze)
rCold  + . .     Clarity  .     H - +1 plate armour
rNeg   + + +     SustAt   .     (shield currently unavailable)
rPois  ∞         Gourm    .     c - +1 helmet
rElec  .         Spirit   .     (no cloak)
rCorr  .         Warding  .     j - +2 pair of gloves
rMut   .         Stasis   .     u - +0 pair of boots
MR     .....                    (no amulet)
Stlth  ..........               (no ring)
                                n - ring of stealth

@: rotting, not resistant to hostile enchantments, extremely unstealthy
A: rotting body, claws 1, carnivore 3, cold resistance 1, negative energy
resistance 3, slow regeneration 1, torment resistance, unbreathing
a: Recall Undead Slaves, Injury Mirror, Animate Dead, Drain Life, Renounce
Religion


You were on level 10 of the Dungeon.
You worshipped Yredelemnul.
Yredelemnul was greatly pleased with you.
You were not hungry.

You visited 1 branch of the dungeon, and saw 10 of its levels.
You also visited: Sewer and Ossuary.

You collected 479 gold pieces.
You spent 245 gold pieces at shops.

Inventory:

Hand Weapons
 m - a +0 shortbow
 y - a +1 spear of flaming
 B - a +3 hunting sling of evasion
 K - a cursed +2 flail
 L - a +0 hand axe of chopping
 P - a +3 quarterstaff of freezing (weapon)
 R - a +2 dagger of venom
 T - a +0 hand crossbow
Missiles
 i - 135 stones (quivered)
 o - 52 sling bullets
 v - 88 arrows
 M - 16 poisoned arrows
 Q - a tomahawk
Armour
 c - a +1 helmet (worn)
 j - a +2 pair of gloves (worn)
 u - a +0 pair of boots (worn)
 H - a +1 plate armour (worn)
 V - a +0 chain mail of fire resistance
Jewellery
 n - a ring of stealth (left hand)
Wands
 p - a wand of disintegration (15)
 A - a wand of lightning (10)
 O - a wand of lightning (8)
 Z - a wand of fire (4)
Scrolls
 e - a scroll of vulnerability
 f - 2 scrolls of immolation
 h - 3 scrolls of fear
 s - a scroll of fog {unknown}
 C - a scroll of teleportation
 F - 4 scrolls of remove curse
 J - 2 scrolls of recharging
Potions
 a - a potion of curing
 g - 2 potions of brilliance
 k - a potion of cancellation {unknown}
 r - a potion of might
 t - 2 potions of beneficial mutation
 w - 2 potions of degeneration {unknown}
 z - a potion of flight
 D - a potion of heal wounds
 E - a potion of lignification
 G - a potion of berserk rage {unknown}
 I - a potion of haste {unknown}
 N - 2 potions of invisibility
Books
 l - a book of Changes

   Spells                             Type                      Level
   a - Beastly Appendage              Transmutation                1
   b - Sticks to Snakes               Transmutation                2
   c - Spider Form                    Transmutation/Poison         3
   d - Ice Form                       Ice/Transmutation            4
   e - Blade Hands                    Transmutation                5
 W - a book of Summonings

   Spells                             Type                      Level
   a - Recall                         Summoning/Translocation      3
   b - Aura of Abjuration             Summoning                    5
   c - Shadow Creatures               Summoning                    5
   d - Summon Demon                   Summoning                    5
   e - Summon Forest                  Summoning/Translocation      5
   f - Summon Mana Viper              Hexes/Summoning              5
Comestibles
 b - a beef jerky
 q - 2 meat rations
 x - 9 royal jellies
 U - 6 chunks of flesh


   Skills:
 + Level 7.9 Fighting
 + Level 3.1(3.3) Axes
 + Level 1.6(4.9) Polearms
 + Level 6.4(6.5) Staves
 + Level 4.7(4.9) Slings
 + Level 2.0(3.6) Throwing
 + Level 7.0 Armour
 + Level 4.5 Dodging
 + Level 2.4 Stealth
 + Level 4.5 Invocations
 + Level 1.3 Evocations


You had 9 spell levels left.
You didn't know any spells.

Dungeon Overview and Level Annotations

Branches:
Dungeon (10/15)            Temple (0/1) D:6
   Lair: D:8-11         Orc: D:9-12

Altars:
Dithmenos
Fedhas
Nemelex Xobeh
Okawaru
Ru
Sif Muna
Trog
Vehumet
Yredelemnul

Shops:
D:6 =   D:7 *   D:8 :=


Innate Abilities, Weirdness & Mutations

Your body is rotting away.
You thrive on raw meat.
You are immune to poison.
You have sharp fingernails.
You are carnivorous and can eat meat at any time.
Your flesh is cold resistant.
You are immune to negative energy.
You regenerate slowly when monsters are visible.
You are immune to unholy pain and torment.
You can survive without breathing.


Message History

The hill giant is too large for the net to hold!
The hill giant is moderately wounded.
The hill giant hits you with a giant club!
Throwing (i - inventory. (,) - cycle):
d - 2 throwing nets (quivered)
Press: ? - help, Shift-Dir - straight line, f/p - hill giant
Aim: a hill giant, wielding a giant club (moderately wounded)
You throw a throwing net.
The throwing net barely misses the hill giant.
Throwing (i - inventory. (,) - cycle):
d - a throwing net (quivered)
Press: ? - help, Shift-Dir - straight line, f/p - hill giant
Aim: a hill giant, wielding a giant club (moderately wounded)
You throw a throwing net. The throwing net hits the hill giant.
The hill giant is too large for the net to hold!
The hill giant is moderately wounded.
The hill giant hits you with a giant club!
* * * LOW HITPOINT WARNING * * *
You feel better.
The hill giant hits you with a giant club!!
You die...
Yredelemnul claims you as an undead slave.

###
##########.....
(.((.(C@.......
###############


You could see a hill giant.

Vanquished Creatures
  Grinder (D:5)
  A trapdoor spider (shapeshifter) (D:9)
  A wraith (D:9)
  A hippogriff (D:8)
  A phantom (D:5)
  An ice beast (D:9)
  A sky beast (D:9)
  2 centaurs
  6 ogres
  Blork the orc (D:5)
  A big kobold (Sewer)
  4 giant frogs
  A gnoll sergeant (D:6)
  A water moccasin skeleton (D:8)
  5 wights (D:9)
  2 scorpions (D:5)
  3 jellies
  5 crimson imps
  4 hounds
  A human zombie (Ossuary)
  A giant frog skeleton (D:9)
  A centaur zombie (Ossuary)
  3 gnoll shamans (D:6)
  4 orc wizards
  3 worker ants (D:9)
  6 iguanas
  A big kobold zombie (Ossuary)
  A hound skeleton (D:9)
  2 hound zombies
  2 mummies (Ossuary)
  A worker ant zombie (D:9)
  7 adders
  55 gnolls
  A river rat (Sewer)
  A shadow imp (D:6)
  3 oozes
  2 adder zombies (Ossuary)
  2 worms
  6 giant geckos
  20 orcs
  7 goblins
  12 hobgoblins
  22 jackals
  9 kobolds
  2 quokkas
  9 bats
  5 giant cockroaches
  2 giant newts
  A goblin zombie (Ossuary)
  12 hobgoblin zombies
  A jackal skeleton (D:6)
  2 jackal zombies (Ossuary)
  9 kobold zombies
  9 orc zombies (Ossuary)
  6 rats
  A rat zombie (Ossuary)
  A spectral orc (D:2)
  A fungus (D:1)
276 creatures vanquished.

Vanquished Creatures (collateral kills)
  Joseph (D:7)
  A two-headed ogre (D:8)
  2 hippogriffs (D:7)
  2 orc warriors
  A phantom (D:6)
  A centaur (D:6)
  An ogre (D:7)
  2 crocodiles
  2 giant frogs
  A centaur skeleton (D:7)
  3 centaur zombies
  4 giant frog skeletons
  A giant frog zombie (D:8)
  2 hounds (D:6)
  A jelly (D:8)
  An orc priest (D:6)
  A worker ant (D:7)
  A hound skeleton (D:4)
  A mummy (D:7)
  6 gnolls
  An adder (D:6)
  3 shadow imps
  4 oozes
  An adder skeleton (D:5)
  2 worms
  2 giant geckos (D:7)
  8 orcs
  2 giant cockroaches
  A quokka (D:8)
  2 bats (D:3)
  A giant newt (D:4)
  7 jackals
  A kobold (D:3)
  A rat (D:3)
71 creatures vanquished.

Vanquished Creatures (others)
  A flying skull (D:7)
  An ogre zombie (D:5)
  4 orc zombies
  19 gnoll zombies
  A giant newt zombie (D:4)
  A gnoll skeleton (D:6)
  A hobgoblin zombie (D:3)
  4 jackal zombies
  A kobold zombie (D:3)
33 creatures vanquished.

Grand Total: 380 creatures vanquished

Notes
Turn   | Place    | Note
--------------------------------------------------------------
     0 | D:1      | WhatsThis the Ghoul Gladiator began the quest for the Orb.
     0 | D:1      | Reached XP level 1. HP: 17/17 MP: 0/0
   334 | D:1      | Reached skill level 3 in Dodging
   334 | D:1      | Reached XP level 2. HP: 19/25 MP: 1/1
  1069 | D:2      | Found a basalt altar of Yredelemnul.
  1146 | D:2      | Became a worshipper of Yredelemnul the Dark
  1579 | D:2      | Reached XP level 3. HP: 24/24 MP: 2/2
  1916 | D:2      | HP: 1/25 [adder (3)]
  1919 | D:2      | Reached skill level 1 in Armour
  2393 | D:2      | Reached XP level 4. HP: 37/37 MP: 3/3
  3033 | D:3      | Found a sparkling altar of Nemelex Xobeh.
  3073 | D:3      | Reached * piety under Yredelemnul
  3210 | D:3      | Reached XP level 5. HP: 27/42 MP: 4/4
  3260 | D:3      | Reached skill level 1 in Polearms
  3434 | D:3      | Found a deep blue altar of Sif Muna.
  3538 | D:3      | Reached skill level 4 in Dodging
  4189 | D:4      | Reached skill level 1 in Invocations
  4197 | D:4      | Reached XP level 6. HP: 27/48 MP: 5/5
  4476 | D:4      | Reached skill level 1 in Slings
  4624 | D:4      | Noticed an ogre
  4681 | D:4      | Killed an ogre
  4773 | D:4      | Reached ** piety under Yredelemnul
  5092 | D:5      | Entered Level 5 of the Dungeon
  5107 | D:5      | Noticed Blork the orc
  5134 | D:5      | Killed Blork the orc
  5134 | D:5      | Reached XP level 7. HP: 43/54 MP: 7/7
  5206 | D:5      | Your ally Blork died
  5564 | D:5      | Found an iron altar of Okawaru.
  6015 | D:5      | Found a sacrificial altar of Ru.
  6125 | D:5      | Reached skill level 1 in Staves
  6194 | D:5      | Reached skill level 1 in Stealth
  6194 | D:5      | Reached XP level 8. HP: 32/63 MP: 9/9
  7356 | D:6      | Found Picw's Jewellery Shoppe.
  7356 | D:6      | Noticed Grinder
  7364 | D:5      | Killed Grinder
  7389 | D:6      | Bought an uncursed ring of stealth for 245 gold pieces
  7430 | D:6      | Reached skill level 5 in Armour
  7552 | D:6      | Found a glowing drain.
  7556 | Sewer    | Entered a sewer
  7650 | Sewer    | Reached *** piety under Yredelemnul
  7716 | Sewer    | Found a white marble altar of Elyvilon.
  7974 | D:6      | Found a blossoming altar of Fedhas.
  8007 | D:6      | Reached XP level 9. HP: 51/72 MP: 10/10
  8088 | D:6      | Found a bloodstained altar of Trog.
  8187 | D:6      | Reached skill level 5 in Fighting
  8748 | D:6      | Reached **** piety under Yredelemnul
  8993 | D:6      | Received a gift from Yredelemnul
  9777 | D:6      | Found a staircase to the Ecumenical Temple.
 10131 | D:7      | Reached skill level 6 in Armour
 10226 | D:7      | Noticed Joseph
 10238 | D:7      | Killed Joseph
 10291 | D:7      | Found Kitras's Assorted Antiques.
 10316 | D:7      | Got a shimmering ring mail
 10327 | D:7      | Found a sand-covered staircase.
 10336 | Ossuary  | Entered an ossuary
 10837 | D:7      | Reached skill level 5 in Staves
 10924 | D:7      | Reached XP level 10. HP: 78/82 MP: 12/12
 10947 | D:7      | Found a radiant altar of Vehumet.
 10970 | D:7      | Found a shadowy altar of Dithmenos.
 11322 | D:8      | Found Perafeitz's Book Emporium.
 11364 | D:8      | Found Igibuwudd's Jewellery Emporium.
 11506 | D:8      | Reached skill level 7 in Fighting
 12215 | D:8      | Received a gift from Yredelemnul
 12357 | D:8      | Reached ***** piety under Yredelemnul
 12510 | D:9      | Reached skill level 1 in Evocations
 13579 | D:10     | Entered Level 10 of the Dungeon
 13579 | D:10     | Noticed a hill giant
 13590 | D:10     | Slain by a hill giant

Action                   |  1- 3 |  4- 6 |  7- 9 | 10-12 || total
-------------------------+-------+-------+-------+-------++-------
Melee: War axe           |    60 |       |       |       ||    60
       Spear             |   128 |   228 |       |    95 ||   451
       Quarterstaff      |       |    60 |   559 |   167 ||   786
 Fire: Hunting sling     |       |    46 |   105 |       ||   151
Throw: Throwing net      |       |     2 |       |     3 ||     5
       Tomahawk          |       |       |       |     5 ||     5
Invok: Animate Remains   |       |    11 |     6 |       ||    17
       Recall Undead Sla |       |     1 |       |       ||     1
       Animate Dead      |       |       |     6 |     3 ||     9
Evoke: Wand              |       |     1 |     4 |     7 ||    12
  Use: Scroll            |     1 |     8 |    15 |     6 ||    30
       Potion            |     1 |     3 |     5 |     5 ||    14
 Stab: Distracted        |       |       |       |     1 ||     1
  Eat: Beef jerky        |     1 |       |     1 |       ||     2
       Chunk             |     3 |     6 |    12 |     3 ||    24
       Meat ration       |       |     1 |     1 |       ||     2
       Royal jelly       |       |       |     1 |     1 ||     2
       Pizza             |       |       |     1 |     1 ||     2
